 Dungeon Crawl Stone Soup version 0.23-a0-33-g1e3a2e4e2f (webtiles) character file.

39 RedPan the Skirmisher (level 3, 0/40 HPs)
             Began as an Ogre Monk on Aug 5, 2018.
             Slain by a leopard gecko (2 damage)
             ... on level 3 of the Dungeon.
             The game lasted 00:01:54 (1616 turns).

RedPan the Skirmisher (Ogre Monk)                   Turns: 1616, Time: 00:01:56

Health: 0/40       AC:  3    Str: 18    XL:     3   Next: 47%
Magic:  3/3        EV: 11    Int: 11    God:
Gold:   95         SH:  0    Dex: 12    Spells: 2/2 levels left

rFire    . . .     SeeInvis .   a - +0 mace
rCold    . . .     Gourm    .   (no shield)
rNeg     . . .     Faith    .   b - +0 robe
rPois    .         Spirit   .   (helmet restricted)
rElec    .         Reflect  .   (no cloak)
rCorr    .         Harm     .   (gloves unavailable)
MR       .....                  (boots unavailable)
Stlth    +.........             (no amulet)
HPRegen  0.13/turn              f - +3 ring of strength
MPRegen  0.08/turn              (no ring)

@: confused
A: large, unfitting armour, tough skin 1
a: no special abilities


You were on level 3 of the Dungeon.
You were not hungry.

You visited 1 branch of the dungeon, and saw 3 of its levels.

You collected 95 gold pieces.

Inventory:

Hand Weapons
 a - a +0 mace (weapon)
 k - a cursed +0 spear
Missiles
 e - 2 throwing nets (quivered)
Armour
 b - a +0 robe (worn)
Jewellery
 f - a +3 ring of strength (left hand)
Scrolls
 j - 2 scrolls of identify {unknown}
Potions
 d - a potion of berserk rage {unknown}
 g - a potion of heal wounds {unknown}
 h - 2 potions of curing {unknown}
Comestibles
 c - 6 rations
 i - 3 chunks of flesh


   Skills:
 + Level 4.5 Fighting
 * Level 3.4 Maces & Flails
 + Level 3.0 Dodging
 - Level 1.4 Stealth


You had 2 spell levels left.
You didn't know any spells.
Your spell library was empty.

Dungeon Overview and Level Annotations

Branches:
Dungeon (3/15)

Altars:
Elyvilon
Kikubaaqudgha
Xom

Annotations:
D:3 Sigmund


Innate Abilities, Weirdness & Mutations

You are too large for most types of armour.
You have tough skin. (AC +1)


Message History

Sigmund burns you.
* * * LOW HITPOINT WARNING * * *
The leopard gecko misses you. The giant cockroach bites you.
* * * LOW HITPOINT WARNING * * *
Unknown command.
You closely miss Sigmund.
Sigmund is almost dead.
The leopard gecko bites you.
* * * LOW HITPOINT WARNING * * *
The giant cockroach bites you but does no damage.
Sigmund casts a spell at you.
You are confused.
Sigmund misses you.
You closely miss the leopard gecko. The leopard gecko misses you.
The giant cockroach barely misses you.
Sigmund points at you and mumbles some strange words.
The magic dart hits you!
* * * LOW HITPOINT WARNING * * *
The leopard gecko bites you.
You die...

+..........###### ###.##
#...#............ #......
#...#............ #......
#.......##.......
.......###...............
.................#.......
............###..#.......
..............#..#....#..
........@........########
##...@sl...#....#
#.....########.# #......
.... .$....#### .....
...... ...(.. ......
....#. ..... ... .....


You could see Sigmund, a leopard gecko and a giant cockroach.

Vanquished Creatures
  A worm (D:3)
  A dart slug (D:2)
  A leopard gecko (D:2)
  2 giant cockroaches (D:1)
  2 goblins (D:2)
  5 hobgoblins
  2 jackals (D:2)
  2 kobolds (D:1)
  A quokka (D:3)
  5 bats
  A frilled lizard (D:1)
  9 rats
32 creatures vanquished.

Notes
Turn   | Place    | Note
-------+----------+-------------------------------------------
     0 | D:1      | RedPan the Ogre Monk began the quest for the Orb.
     0 | D:1      | Reached XP level 1. HP: 24/24 MP: 1/1
   131 | D:1      | Reached XP level 2. HP: 32/32 MP: 2/2
   730 | D:2      | Reached XP level 3. HP: 26/40 MP: 3/3
   957 | D:2      | Found a white marble altar of Elyvilon.
  1057 | D:2      | Found a shimmering altar of Xom.
  1190 | D:2      | Found an ancient bone altar of Kikubaaqudgha.
  1602 | D:3      | Noticed Sigmund
  1616 | D:3      | HP: 2/40 [Sigmund/magic dart (6)]
  1616 | D:3      | Slain by a leopard gecko

Vault maps used:
D:1:      dpeg_arrival_short_road
D:2:      nicolae_overflow_hidden_temple, lemuel_round_altar,
          lemuel_crystal_altar
D:3:      okawaru_gym_becter, uniq_sigmund, uniq_natasha

Skill      XL: |  1  2 |
---------------+-------+-----
Maces & Flails | 3 |  3.4
Dodging        | 3 |  3.0
Fighting       | |  4.5
Stealth        | |  1.4

Action                   || total
-------------------------++-------
Melee: Mace              ||   115
  Use: Scroll            ||     2
 Stab: Sleeping          ||     5
  Eat: Chunk             ||     2
Armor: Robe              ||    29
Dodge: Dodged            ||    91

Table legend:
 A = Spawn XP
 B = Non-spawn XP
 C = Spawn XP percentage of total XP
 D = Spawn monster count
 E = Non-spawn monster count
 F = Spawn count percentage of total count
 G = Total turns spent on level
                    A         B        C        D         E        F      G
               +---------+---------+-------+---------+---------+-------+---------
         Total |       0 |      57 |   0.0 |       0 |      32 |   0.0 |  1616
               +---------+---------+-------+---------+---------+-------+---------
           D:1 |       0 |      22 |   0.0 |       0 |      16 |   0.0 |   596
           D:2 |       0 |      27 |   0.0 |       0 |      13 |   0.0 |   796
           D:3 |       0 |       8 |   0.0 |       0 |       3 |   0.0 |   224
               +---------+---------+-------+---------+---------+-------+---------
